 Dungeon Crawl Stone Soup version 0.32-a0-520-g344ed53f66 (webtiles) character file.

Game seed: 12480422882221227016

1963 BubbleThief the Trooper (level 9, -3/74 HPs)
             Began as a Demonspawn Reaver on Feb 27, 2024.
             Was an Initiate of Kikubaaqudgha.
             Killed by vampiric draining
             ... invoked by a vampire
              (11 damage)
             ... on level 6 of the Dungeon.
             The game lasted 00:11:01 (6437 turns).

BubbleThief the Trooper (Demonspawn Reaver)         Turns: 6437, Time: 00:11:01

Health: -3/74      AC:  7    Str: 16    XL:     9   Next: 0%
Magic:  12/12      EV: 12    Int: 15    God:    Kikubaaqudgha [......]
Gold:   162        SH:  0    Dex: 13    Spells: 10/12 levels left

rFire   . . .        a - +0 spear
rCold   . . .        (no shield)
rNeg    . . .        v - +0 steam dragon scales
rPois   .            A - +1 helmet
rElec   .            (no cloak)
rCorr   +            (no gloves)
SInv    +            (no boots)
Will    .....        g - amulet of reflection
Stlth   +            n - ring of resist corrosion
HPRegen 0.32/turn    E - ring of see invisible
MPRegen 0.26/turn

%: reflection
@: confused
A: magic regeneration, big brain 1, demonic magic 1, demonic touch 2
a: Renounce Religion


You were on level 6 of the Dungeon.
You worshipped Kikubaaqudgha.
Kikubaaqudgha was noncommittal.
You visited 2 branches of the dungeon, and saw 7 of its levels.

You collected 162 gold pieces.

Inventory:

Hand Weapons
 a - a +0 spear (weapon)
Missiles
 F - 4 throwing nets
Armour
 b - a +0 leather armour
 v - +0 steam dragon scales (worn)
 A - a +1 helmet (worn)
Jewellery
 g - an amulet of reflection (around neck)
 k - a ring of fire
 n - a ring of resist corrosion (left hand)
 E - a ring of see invisible (right hand)
Wands
 C - a wand of warping (1)
Scrolls
 c - 2 scrolls of noise {unknown}
 e - 4 scrolls of teleportation {unknown}
 f - a scroll of enchant weapon {unknown}
 i - a scroll of amnesia {unknown}
 m - a scroll of fear {unknown}
 p - a scroll of vulnerability {unknown}
 q - 2 scrolls of silence {unknown}
 s - a scroll of poison {unknown}
 t - a scroll of butterflies {unknown}
 w - 2 scrolls of identify {unknown}
 y - a scroll of fog {unknown}
 B - a scroll of immolation {unknown}
 D - a scroll of revelation {unknown}
Potions
 d - 3 potions of resistance {unknown}
 h - 2 potions of curing {unknown}
 j - 2 potions of brilliance {unknown}
 l - a potion of berserk rage {unknown}
 o - a potion of haste {unknown}
 r - a potion of attraction {unknown}
 u - 2 potions of degeneration {unknown}
 x - a potion of might {unknown}
 z - a potion of heal wounds {unknown}


   Skills:
 + Level 7.8 Fighting
 + Level 7.4 Polearms
 - Level 1.7 Dodging
 - Level 2.0 Spellcasting
 - Level 3.0 Conjurations
 - Level 5.1 Necromancy


You had 10 spell levels left.
You knew the following spells:

 Your Spells              Type           Power      Damage    Failure   Level
a - Kiss of Death         Conj/Necr      52%        2d9       4%          1
b - Necrotise             Necr           68%        1d7       2%          1

Your spell library contained the following spells:

 Spells                   Type           Power      Damage    Failure   Level
 Sting                    Conj/Alch      24%        1d4       12%         1
 Momentum Strike          Conj/Tloc      12%        3d8       19%         2
 Apportation              Tloc           2%         N/A       22%         1
 Summon Small Mammal      Summ           4%         N/A       22%         1
 Hailstorm                Conj/Ice       6%         3d5       34%         3
 Tukima's Dance           Hex            1%         N/A       54%         3
 Iskenderun's Mystic Bla  Conj/Tloc      6%         2d4       75%         4
 Dimensional Bullseye     Hex/Tloc       0%         N/A       91%         4


Dungeon Overview and Level Annotations

Branches:
Dungeon (6/15)             Temple (1/1) D:5

Altars:
Ashenzari
Cheibriados
Dithmenos
Gozag
Hepliaklqana
Kikubaaqudgha
Makhleb
Nemelex Xobeh
Qazlal
Ru
Sif Muna
Trog
Uskayaw
Vehumet
Wu Jian
Xom
Yredelemnul

Annotations:
D:5 3 runed translucent doors, timneilson's ghost, novice OpSh
Temple 4 transporters


Innate Abilities, Weirdness & Mutations

You regenerate magic rapidly.
You have an unusually large brain. (Int +2)
Spells you cast may paralyse adjacent enemies.
Your touch may inflict irresistible damage on your foes.


Message History

Unknown command.
Unknown command.
Aiming: Warp Space
Press: ? - help, Shift-Dir - straight line Space twists violently!
The rupture engulfs the vampire.
The vampire blinks!
The vampire is severely damaged.
Unknown command.
Unknown command.
Aiming: Warp Space
Press: ? - help, Shift-Dir - straight line, f - vampire
Aim: a vampire, wearing a +0 leather armour (severely damaged, slightly transparent) Space twists violently!
The rupture engulfs the vampire.
The vampire blinks!
The vampire is severely damaged.
The vampire gestures at you while chanting.
You resist with some effort.
Unknown command.
Okay, then.
Aiming: Warp Space
Press: ? - help, Shift-Dir - straight line, f/p - vampire
Aim: a vampire, wearing a +0 leather armour (severely damaged, slightly transparent) Space twists violently!
The rupture engulfs the vampire.
The vampire is almost destroyed.
The vampire gestures at you while chanting.
You are confused.
Unknown command.
The vampire gestures at you while chanting.
You are more confused.
You bump into the rock wall.
The vampire points at you and mumbles some strange words.
You resist with some effort. The vampire draws life force from you!
* * * LOW HITPOINT WARNING * * *
The vampire is healed by the life force!
A white imp comes into view.
The vampire hits you!
* * * LOW HITPOINT WARNING * * *
The vampire barely misses you. The vampire draws life force from you!
You die...
Kikubaaqudgha rasps: You have failed me!
Welcome... death!

# ...............# #
#..##...##...##### #
#.. #...###'####.## #
.. +.............#
#.............#
#...##5...#..##
########..######
#......#V..#
#......#.@.#
#......#...#
#......'...#
####..##.######
###########..##.###..##
).....................#
).)...................#
......................#
.....................)#
####


You could see a vampire (invisible) and a white imp.

Vanquished Creatures
  Grinder (D:3)
  A water moccasin (D:6)
  3 ice beasts
  An orc warrior (D:6)
  A black bear (D:6)
  2 centaurs (D:4)
  A scorpion (D:4)
  5 wights
  A howler monkey (D:6)
  2 bombardier beetles
  A jelly (D:5)
  2 hounds
  A gnoll bouda (D:5)
  3 orc priests (D:5)
  2 sleepcaps (D:6)
  Jessica (D:2)
  An iguana (D:5)
  6 orc wizards
  4 gnolls (D:6)
  An adder (D:5)
  A shadow imp (D:3)
  2 ufetubi
  6 ribbon worms
  3 dart slugs
  11 orcs
  8 ball pythons
  2 bats
  6 endoplasms
  2 giant cockroaches
  4 goblins
  A hobgoblin (D:4)
  7 jackals
  6 quokkas
  6 frilled lizards
  10 kobolds
  5 rats
120 creatures vanquished.

Notes
Turn   | Place    | Note
-------+----------+-------------------------------------------
     0 | D:1      | BubbleThief the Demonspawn Reaver began the quest for the
                  | Orb.
     0 | D:1      | Reached XP level 1. HP: 16/16 MP: 3/3
   410 | D:1      | Gained mutation: You regenerate magic rapidly. [demonic
                  | ancestry]
   410 | D:1      | Reached XP level 2. HP: 23/23 MP: 5/5
  1119 | D:2      | Gained mutation: Your touch may inflict minor irresistible
                  | damage on your foes. [demonic ancestry]
  1119 | D:2      | Reached XP level 3. HP: 26/26 MP: 6/6
  1158 | D:2      | Noticed Jessica
  1162 | D:2      | Killed Jessica
  1317 | D:2      | Gained mutation: Spells you cast may paralyse adjacent
                  | enemies. [demonic ancestry]
  1317 | D:2      | Reached XP level 4. HP: 32/35 MP: 7/7
  2127 | D:3      | Noticed Grinder
  2145 | D:3      | Killed Grinder
  2146 | D:3      | Gained mutation: You have an unusually large brain. (Int
                  | +2) [demonic ancestry]
  2146 | D:3      | Reached XP level 5. HP: 3/43 MP: 8/8
  2146 | D:3      | Reached XP level 6. HP: 4/49 MP: 9/9
  3000 | D:4      | Learned a level 1 spell: Necrotise
  3094 | D:4      | Reached skill level 5 in Fighting
  3094 | D:4      | Reached skill level 5 in Polearms
  3094 | D:4      | Reached skill level 1 in Necromancy
  3593 | D:4      | Reached XP level 7. HP: 56/56 MP: 10/10
  4073 | D:5      | Entered Level 5 of the Dungeon
  4673 | D:5      | Found a runed translucent gate.
  4673 | D:5      | Found a runed translucent gate.
  4673 | D:5      | Found a runed translucent gate.
  4677 | D:5      | Noticed timneilson's ghost (novice OpSh)
  4893 | D:5      | Found a staircase to the Ecumenical Temple.
  4917 | D:5      | Reached XP level 8. HP: 55/64 MP: 9/11
  5135 | Temple   | Found a transporter.
  5135 | Temple   | Found a transporter.
  5135 | Temple   | Found a transporter.
  5135 | Temple   | Found a transporter.
  5135 | Temple   | Entered the Ecumenical Temple
  5763 | D:6      | Found a shimmering altar of Xom.
  5763 | D:6      | Found a snail-covered altar of Cheibriados.
  5763 | D:6      | Found a radiant altar of Vehumet.
  5769 | D:6      | Found an ancient bone altar of Kikubaaqudgha.
  5771 | D:6      | Found a shadowy altar of Dithmenos.
  5772 | D:6      | Found an opulent altar of Gozag.
  5778 | D:6      | Became a worshipper of Kikubaaqudgha
  5783 | D:6      | Found an ornate altar of the Wu Jian Council.
  5892 | D:6      | Reached skill level 5 in Necromancy
  6305 | D:6      | Gained mutation: Your touch may inflict irresistible damage
                  | on your foes. [demonic ancestry]
  6305 | D:6      | Reached XP level 9. HP: 57/74 MP: 10/12
  6437 | D:6      | Killed from afar by a vampire

Illustrated notes

Levels and vault maps discovered:
D:1:      tarquinn_simple_flora_water_f, layout_loops_cross
D:2:      layout_loops_corners, minmay_misc_feat_square, dk_noncrumbling_3,
          kennysheep_generic_room_10, uniq_jessica
D:3:      layout_basic, nicolae_houndstooth_variations, uniq_grinder
D:4:      layout_basic, serial_co_window_serial, co_window_paths_b,
          co_window_paths_a, co_window_of_opportunity_a, co_window_corner_a,
          co_window_corner_a, co_window_2corner, co_window_broadway_c,
          co_window_corner_cb, co_window_corner_b, co_window_corner_cb,
          co_window_2corner, co_window_of_opportunity_c, co_window_4corner_a
D:5:      layout_rooms, temple_green, ebering_ghost_rock_garden
D:6:      black_bear_nest_1, layout_gridville,
          nicolae_overflow_hallway_of_the_gods
Temple:   hellmonk_temple_divided_pantheon

Skill      XL: |  1  2  3  4  5  6  7  8 |
---------------+-------------------------+-----
Polearms       | 3 4 5 6 7 |  7.4
Fighting       | 3 4 5 6 7 |  7.8
Necromancy     | 1 3 5 |  5.1
Dodging        | |  1.7
Spellcasting   | |  2.0
Conjurations   | |  3.0

Action                     |  1- 3 |  4- 6 |  7- 9 || total
---------------------------+-------+-------+-------++-------
  Melee: Spear             |   116 |   148 |   250 ||   514
         Touch             |     5 |    22 |    46 ||    73
   Cast: Kiss of Death     |     1 |       |       ||     1
         Necrotise         |       |     3 |    49 ||    52
  Evoke: Wand              |       |     3 |     5 ||     8
   Stab: Sleeping          |     1 |     2 |       ||     3
         Paralysed         |       |       |    52 ||    52
 Armour: Leather armour    |    40 |    28 |       ||    68
         Steam dragon scal |       |    15 |   152 ||   167
  Dodge: Dodged            |    35 |    28 |   156 ||   219
         Repelled          |     1 |     3 |       ||     4
  Block: Other             |     8 |    18 |    47 ||    73
         Reflection        |     2 |       |     4 ||     6

Table legend: (Time is in decaauts)
 A = Elapsed time spent in this place.
 B = Non-inter-level travel time spent in this place.
 C = Inter-level travel time spent in this place.
 D = Time resting spent in this place.
 E = Time spent auto-exploring this place.
 F = Levels seen in this place.
 G = Mean time per level.
                   A        B        C        D        E       F      G
               +--------+--------+--------+--------+--------+-----+--------+
         Total |   6365 |   6105 |    260 |    639 |   4367 |   7 |  909.3 |
       Dungeon |   6345 |   6085 |    260 |    639 |   4367 |   6 | 1057.5 |
        Temple |     19 |     19 |      0 |      0 |      0 |   1 |   19.0 |
               +--------+--------+--------+--------+--------+-----+--------+

Top non-repeatable levels by time:
     D:5: 1552 daAuts
     D:4: 1314 daAuts
     D:2: 1122 daAuts
     D:3: 973 daAuts
     D:1: 794 daAuts
     D:6: 588 daAuts
  Temple: 19 daAuts
